 Dungeon Crawl Stone Soup version 0.28-a0-863-g8cecda6153 (webtiles) character file.

Game seed: 3067337832145986888

53 mcbry74 the Cudgeller (level 3, -1/33 HPs)
             Began as a Troll Gladiator on Nov 18, 2021.
             Slain by a gnoll (9 damage)
             ... on level 2 of the Dungeon.
             The game lasted 00:03:26 (1258 turns).

mcbry74 the Cudgeller (Troll Gladiator)             Turns: 1258, Time: 00:03:26

Health: -1/33      AC:  4    Str: 23    XL:     3   Next: 62%
Magic:  0/2        EV: 10    Int:  4    God:
Gold:   97         SH:  0    Dex: 11    Spells: 2/2 levels left

rFire   . . .      SeeInvis .   a - +0 flail
rCold   . . .      Faith    .   (no shield)
rNeg    . . .      Spirit   +   b - +0 robe
rPois   .          Reflect  .   c - +0 hat
rElec   .          Harm     .   (no cloak)
rCorr   .          Rampage  .   (gloves unavailable)
Will    .....                   (boots unavailable)
Stlth   +.........              j - amulet of guardian spirit
HPRegen 1.11/turn               (no ring)
MPRegen 0.08/turn               (no ring)

@: no status effects
A: large, unfitting armour, claws 3, regeneration 1, shaggy fur 1, tough skin 1
a: no special abilities


You were on level 2 of the Dungeon.
You visited 1 branch of the dungeon, and saw 2 of its levels.

You collected 97 gold pieces.

Inventory:

Hand Weapons
 a - a +0 flail (weapon)
Missiles
 d - 2 throwing nets (quivered)
Armour
 b - a +0 robe (worn)
 c - a +0 hat (worn)
Jewellery
 j - an amulet of guardian spirit (around neck)
Scrolls
 e - 2 scrolls of identify {unknown}
 g - 3 scrolls of teleportation {unknown}
 h - a scroll of fear {unknown}
 n - a scroll of fog {unknown}
Potions
 f - 3 potions of curing {unknown}
 i - a potion of ambrosia {unknown}
 k - a potion of mutation {unknown}
 l - a potion of cancellation {unknown}
 m - a potion of haste {unknown}


   Skills:
 - Level 1.5 Fighting
 * Level 4.2 Maces & Flails
 - Level 1.7 Throwing
 - Level 2.4 Dodging


You had 2 spell levels left.
You didn't know any spells.
Your spell library contained the following spells:

 Spells                   Type           Power      Damage    Failure   Level
 Tukima's Dance           Hex            0%         N/A       86%         3
 Passage of Golubria      Tloc           0%         N/A       99%         4
 Yara's Violent Unravell  Hex/Tmut       0%         3d3       100%        5


Dungeon Overview and Level Annotations

Branches:
Dungeon (2/15)

Altars:


Innate Abilities, Weirdness & Mutations

You are too large for most types of armour.
You have claws for hands.
Your natural rate of healing is unusually fast.
You are covered in fur. (AC +1)
You have tough skin. (AC +1)


Message History

You miss the goblin.
The goblin hits you with a +0 dagger. x2
You hit the goblin.
The goblin is moderately wounded.
The goblin hits you but does no damage.
You sock the goblin!
You kill the goblin!
The gnoll hits you with a +0 club!
You see here a +0 dagger.
You hit the gnoll.
The gnoll is heavily wounded.
The gnoll closely misses you.
You closely miss the gnoll.
The gnoll is heavily wounded.
The gnoll hits you with a +0 club. x2
You barely miss the gnoll.
The gnoll is heavily wounded.
The gnoll hits you with a +0 club. The gnoll barely misses you.
You hit the gnoll.
You kill the gnoll!
The gnoll hits you from afar with a +0 halberd.
Your Maces & Flails skill increases to level 4!
You barely miss the goblin. The goblin barely misses you.
You sock the goblin!
You kill the goblin!
The gnoll closely misses you.
You hit the gnoll.
The gnoll is heavily wounded.
The gnoll hits you with a +0 halberd! The gnoll hits you but does no damage.
The gnoll hits you with a +0 halberd.
You closely miss the gnoll.
The gnoll is heavily wounded.
The gnoll barely misses you. The gnoll closely misses you.
You thump the gnoll!
You kill the gnoll!
The gnoll hits you from afar with a +0 spear!
The gnoll hits you with a +0 spear.
* * * LOW HITPOINT WARNING * * *
You see here a +0 halberd.
You hit the gnoll but do no damage. The gnoll hits you with a +0 spear!
You die...

..................>#.#
########.#.###.......#
...#.#.#...........#.#
.#..#.##<........###.#
###..#.####..........#
#.##..##.....#.#.....#
...##..#.###.#.#.#####
...†...#.###...#.#
...##..#.##....#@#
#.##..##.......#g#
###..#.###.....#.#
.#..#.## ##....#)#
...#.#.# ######.#
######## #.....#
###########.#####
#..g...^.##.# .#
##........##)#...#.


You could see a gnoll.

Vanquished Creatures
  2 gnolls (D:2)
  A worm (D:2)
  2 endoplasms (D:1)
  A giant cockroach (D:1)
  3 goblins
  4 hobgoblins
  A quokka (D:1)
  4 ball pythons (D:1)
  4 bats
  A frilled lizard (D:1)
  2 kobolds
  6 rats
31 creatures vanquished.

Notes
Turn   | Place    | Note
-------+----------+-------------------------------------------
     0 | D:1      | mcbry74 the Troll Gladiator began the quest for the Orb.
     0 | D:1      | Reached XP level 1. HP: 19/19 MP: 0/0
   159 | D:1      | Reached skill level 3 in Maces & Flails
   337 | D:1      | Reached XP level 2. HP: 27/27 MP: 1/1
   815 | D:2      | Reached XP level 3. HP: 27/33 MP: 2/2
  1240 | D:2      | Reached skill level 4 in Maces & Flails
  1258 | D:2      | Slain by a gnoll

Illustrated notes

Levels and vault maps discovered:
D:1:      minmay_arrival_hallway, layout_loops_ring
D:2:      minmay_diamond_boxcup, layout_basic, serial_co_window_serial,
          co_window_corner_a, co_window_corner_a, co_window_corner_a,
          co_window_paths_a, co_window_paths_b, co_window_paths_c,
          co_window_broadway_a, co_window_broadway_c, co_window_2corner,
          co_window_cross_3, co_window_broadway_c, co_window_4corner_a

Skill      XL: |  1  2  3 |
---------------+----------+-----
Maces & Flails | 3 4 |  4.2
Fighting       | |  1.5
Throwing       | |  1.7
Dodging        | |  2.4

Action                   || total
-------------------------++-------
Melee: Flail             ||    87
Throw: Throwing net      ||     1
 Stab: Sleeping          ||     2
Armor: Robe              ||    37
Dodge: Dodged            ||    64

Table legend: (Time is in decaauts)
 A = Elapsed time spent in this place.
 B = Non-inter-level travel time spent in this place.
 C = Inter-level travel time spent in this place.
 D = Time resting spent in this place.
 E = Time spent auto-exploring this place.
 F = Levels seen in this place.
 G = Mean time per level.
                   A        B        C        D        E       F      G
               +--------+--------+--------+--------+--------+-----+--------+
         Total |   1277 |   1230 |     47 |      0 |    957 |   2 |  638.5 |
       Dungeon |   1277 |   1230 |     47 |      0 |    957 |   2 |  638.5 |
               +--------+--------+--------+--------+--------+-----+--------+

Top non-repeatable levels by time:
     D:1: 670 daAuts
     D:2: 607 daAuts
